 Dungeon Crawl Stone Soup version 0.28-a0-687-gb91baff9cc (webtiles) character file.

Game seed: 10313342839342351520

109 wildpjah the Skirmisher (level 4, 0/39 HPs)
             Began as a Palentonga Fighter on Oct 19, 2021.
             Slain by an adder (3 damage)
             ... on level 2 of the Dungeon.
             The game lasted 00:04:36 (1389 turns).

wildpjah the Skirmisher (Palentonga Fighter)        Turns: 1389, Time: 00:04:37

Health: 0/39       AC:  7    Str: 20    XL:     4   Next: 60%
Magic:  4/4        EV:  7    Int:  8    God:
Gold:   124        SH:  4    Dex: 10    Spells: 3/3 levels left

rFire   . . .      SeeInvis +   a - +0 war axe
rCold   . . .      Faith    .   c - +0 buckler
rNeg    . . .      Spirit   .   b - +0 scale mail
rPois   .          Reflect  .   (no helmet)
rElec   .          Harm     .   (no cloak)
rCorr   .          Rampage  .   k - +0 pair of gloves
Will    .....                   (no barding)
Stlth   ..........              (no amulet)
HPRegen 0.13/turn               (no ring)
MPRegen 0.09/turn               (no ring)

@: no status effects
A: large, rugged brown scales 3, see invisible, deformed body, roll 1, armoured
tail
a: Rolling Charge


You were on level 2 of the Dungeon.
You visited 1 branch of the dungeon, and saw 2 of its levels.

You collected 124 gold pieces.

Inventory:

Hand Weapons
 a - a +0 war axe (weapon)
Missiles
 e - 10 boomerangs
Armour
 b - a +0 scale mail (worn)
 c - a +0 buckler (worn)
 k - a +0 pair of gloves (worn)
Scrolls
 g - a scroll of identify {unknown}
Potions
 d - a potion of might
 f - 4 potions of haste {unknown}
 h - a potion of magic {unknown}
 i - a potion of heal wounds {unknown}
 j - a potion of flight {unknown}


   Skills:
 * Level 3.8 Fighting
 * Level 3.6 Axes
 + Level 2.7 Armour
 + Level 0.2 Dodging
 + Level 2.5 Shields


You had 3 spell levels left.
You didn't know any spells.
Your spell library was empty.

Dungeon Overview and Level Annotations

Branches:
Dungeon (2/15)

Altars:


Innate Abilities, Weirdness & Mutations

You are completely covered in rugged brown scales. (AC +3, +7% HP)
You have supernaturally acute eyesight. (SInv)
Armour fits poorly on your strangely shaped body.
You can roll at nearby foes to attack.
You have a long armoured tail.


Message History

The adder bites you.
You are poisoned.
The adder poisons you! The worm barely misses you.
You closely miss the adder. You slash the worm!
You feel sick. The adder bites you but does no damage.
You block the adder's attack.
You closely miss the adder. You slash the worm!
You kill the worm!
You feel sick. The adder bites you but does no damage.
You hit the adder.
Your tail-slap misses the adder.
The adder is heavily wounded.
You feel sick. The adder bites you.
You are more poisoned.
The adder poisons you! The adder bites you but does no damage.
You closely miss the adder.
The adder is heavily wounded.
You hit the dart slug but do no damage.
You feel sick.
The adder bites you but does no damage. x2; You block the dart slug's attack.
You closely miss the adder.
Your tail-slap misses the adder.
The adder is heavily wounded.
You hit the dart slug.
You feel sick. You block the adder's attack.
The adder bites you but does no damage.
You miss the adder.
The adder is heavily wounded.
You slash the dart slug!
You kill the dart slug!
You feel sick. The adder bites you.
* * * LOW HITPOINT WARNING * * *
You barely miss the adder.
The adder is heavily wounded.
You feel sick. The adder completely misses you.
The adder bites you but does no damage.
You miss the adder.
The adder is heavily wounded.
You feel sick. The adder barely misses you. You block the adder's attack.
You miss the adder.
Your tail-slap misses the adder.
The adder is heavily wounded.
You feel sick.
You are no longer poisoned.
The adder bites you.
You die...

####### ######.....#
...........#
...........#############
...........†............
...........########...##
......†....# ####.#....
......S@...# #....#....
.......)...# #....##...
...?.......# #.....##..
......###### #......##.
...... +.......## ......
#........# ####'
.....#.... #.
.####..#... .# #.. ...


You could see an adder.

Vanquished Creatures
  Natasha (D:2)
  4 adders (D:2)
  A worm (D:2)
  A dart slug (D:2)
  7 bats
  2 endoplasms (D:2)
  3 giant cockroaches
  2 goblins
  2 hobgoblins
  7 jackals
  3 quokkas
  3 ball pythons (D:1)
  3 frilled lizards
  3 kobolds
  A rat (D:1)
43 creatures vanquished.

Notes
Turn   | Place    | Note
-------+----------+-------------------------------------------
     0 | D:1      | wildpjah the Palentonga Fighter began the quest for the
                  | Orb.
     0 | D:1      | Reached XP level 1. HP: 19/19 MP: 1/1
   191 | D:1      | Reached XP level 2. HP: 21/25 MP: 2/2
   816 | D:2      | Reached XP level 3. HP: 11/31 MP: 3/3
  1103 | D:2      | Noticed Natasha
  1105 | D:2      | Killed Natasha
  1122 | D:2      | Reached XP level 4. HP: 22/39 MP: 4/4
  1389 | D:2      | Slain by an adder

Illustrated notes

Levels and vault maps discovered:
D:1:      lemuel_arrival_funnel, layout_rooms
D:2:      layout_basic, minmay_door_square, nrook_mini_backslash, uniq_natasha

Skill      XL: |  1  2  3 |
---------------+----------+-----
Axes           | 3 |  3.6
Fighting       | |  3.8
Armour         | |  2.7
Dodging        | |  0.2
Shields        | |  2.5

Action                   |  1- 3 |  4- 6 || total
-------------------------+-------+-------++-------
Melee: War axe           |   104 |    37 ||   141
       Tailslap          |     9 |     2 ||    11
 Abil: Rolling Charge    |    12 |     4 ||    16
Armor: Scale mail        |    68 |    25 ||    93
Dodge: Dodged            |    63 |    11 ||    74
Block: Buckler           |    23 |     8 ||    31

Table legend: (Time is in decaauts)
 A = Elapsed time spent in this place.
 B = Non-inter-level travel time spent in this place.
 C = Inter-level travel time spent in this place.
 D = Time resting spent in this place.
 E = Time spent auto-exploring this place.
 F = Levels seen in this place.
 G = Mean time per level.
                   A        B        C        D        E       F      G
               +--------+--------+--------+--------+--------+-----+--------+
         Total |   1440 |   1425 |     15 |     60 |   1094 |   2 |  720.0 |
       Dungeon |   1440 |   1425 |     15 |     60 |   1094 |   2 |  720.0 |
               +--------+--------+--------+--------+--------+-----+--------+

Top non-repeatable levels by time:
     D:1: 814 daAuts
     D:2: 625 daAuts
